 Dungeon Crawl Stone Soup version 0.18.1-48-g4cf74bf (webtiles) character file.

22620 Mesmaeker13 the Destroyer (level 12, -11/82 HPs)
             Began as a High Elf Conjurer on Sept 12, 2016.
             Was a High Priest of Vehumet.
             Mangled by a seven-headed hydra (16 damage)
             ... on level 4 of the Lair of Beasts.
             The game lasted 01:15:36 (18812 turns).

Mesmaeker13 the Destroyer (High Elf Conjurer)      Turns: 18812, Time: 01:15:39

Health: -11/82     AC:  7    Str: 11    XL:     12   Next: 64%
Magic:  5/28       EV: 18    Int: 21    God:    Vehumet [*****.]
Gold:   251        SH:  0    Dex: 12    Spells: 7 memorised, 6 levels left

rFire  + . .     SeeInvis +     m - +8 scimitar of Devotion {drain, rC++ MR+ Dex-4}
rCold  + + +     Gourm    +     W - +2 robe {rC+ rF+}
rNeg   . . .     Faith    .     (no shield)
rPois  +         Spirit   .     J - +2 helmet
rElec  .         Dismiss  .     (no cloak)
rCorr  .         Reflect  .     (no gloves)
SustAt .         Harm     .     (no boots)
MR     ++...                    R - amulet of the gourmand
Stlth  ++........               y - ring of poison resistance
                                P - ring of see invisible

@: very resistant to hostile enchantments, unstealthy
A: no striking features
a: Renounce Religion


You were on level 4 of the Lair of Beasts.
You worshipped Vehumet.
Vehumet was extremely pleased with you.
You were not hungry.

You visited 3 branches of the dungeon, and saw 15 of its levels.

You collected 809 gold pieces.
You spent 558 gold pieces at shops.

Inventory:

Hand Weapons
 m - the +8 scimitar of Devotion (weapon) {drain, rC++ MR+ Dex-4}
   (You found it on level 3 of the Lair of Beasts)

   A truly terrible weapon, it drains the life of those it strikes.
   It affects your dexterity (-4).
   It greatly protects you from cold.
   It affects your resistance to hostile enchantments.
Armour
 J - a +2 helmet (worn)
 W - a +2 robe of resistance (worn)
Rods
 H - a +0 rod of ignition (11/11)
   (You found it on level 6 of the Dungeon)
Jewellery
 h - an uncursed ring of wizardry
 y - a ring of poison resistance (right hand)
 P - a ring of see invisible (left hand)
 R - an amulet of the gourmand (around neck)
Wands
 l - a wand of teleportation (3/9)
 E - a wand of lightning (3/15)
 F - a wand of iceblast (4/15)
 O - a wand of acid (2/15)
Scrolls
 e - a scroll of magic mapping {unknown}
 f - 2 scrolls of remove curse
 p - 3 scrolls of teleportation
 q - a scroll of brand weapon {unknown}
 t - 2 scrolls of blinking
 A - a scroll of enchant weapon {unknown}
 G - 2 scrolls of immolation {unknown}
 M - 2 scrolls of random uselessness {unknown}
 S - a scroll of fear {unknown}
 T - a scroll of holy word {unknown}
Potions
 d - a potion of curing
 k - 6 potions of flight
 n - 4 potions of cancellation
 o - a potion of invisibility
 r - a potion of heal wounds
 s - 3 potions of brilliance
 u - 3 potions of berserk rage {unknown}
 w - 3 potions of mutation {unknown}
 z - a potion of agility {unknown}
 C - a potion of resistance {unknown}
 D - a potion of haste {unknown}
 I - a potion of might
Books
 K - a book of Death

   Spells                             Type                      Level
   a - Corpse Rot                     Necromancy                   2
   b - Sublimation of Blood           Necromancy                   2
   c - Agony                          Necromancy                   5
   d - Dispel Undead                  Necromancy                   5
   e - Excruciating Wounds            Charms/Necromancy            5
   f - Bolt of Draining               Conjuration/Necromancy       5
Comestibles
 a - 6 fruits
 b - a meat ration
 c - 3 bread rations
 g - a royal jelly
 i - a beef jerky
 U - 2 slices of pizza


   Skills:
 - Level 8.1 Fighting
 + Level 1.9 Long Blades
 - Level 11.2 Dodging
 - Level 2.1 Stealth
 + Level 11.1 Spellcasting
 + Level 12.2 Conjurations
 - Level 3.5 Hexes
 + Level 6.9 Charms
 - Level 3.1 Necromancy
 + Level 3.3 Fire Magic


You had 6 spell levels left.
You knew the following spells:

 Your Spells              Type           Power        Failure   Level  Hunger
a - Magic Dart            Conj           ####         1%          1    None
c - Dazzling Spray        Conj/Hex       #####.       1%          3    None
d - Iskenderun's Mystic   Conj           ######..     1%          4    #......
e - Iskenderun's Battles  Conj/Chrm      ######..     1%          5    ####...
f - Fulminant Prism       Conj/Hex       #####.....   1%          4    #......
g - Bolt of Draining      Conj/Necr      #####.....   2%          5    ####...
h - Fireball              Conj/Fire      #####.....   2%          5    ####...


Dungeon Overview and Level Annotations

Branches:
Dungeon (10/15)            Temple (1/1) D:7            Lair (4/8) D:10
    Orc (0/2) D:10
  Swamp: Lair:3-6    Shoals: Lair:3-6     Snake: Lair:3-6    Spider: Lair:3-6

Altars:
Ashenzari
Cheibriados
Dithmenos
Elyvilon
Fedhas
Gozag
Kikubaaqudgha
Makhleb
Nemelex Xobeh
Okawaru
Pakellas
Qazlal
Ru
Sif Muna
Trog
Vehumet
Xom
Yredelemnul
Zin
The Shining One

Shops:
D:5 *   D:7 *[   D:8 [   D:10 =

Annotations:
Lair:4 Maud


Message History

The seven-headed hydra is moderately wounded.
Evoking this partially-identified wand wasted a few charges.
Maud hits you with an enchanted eveningstar!
Evoke which item? (* to show all) (? for menu, Esc to quit)
Zapping:
F - a wand of iceblast (will waste charges)
Press: ? - help, Shift-Dir - straight line, f/p - seven-headed hydra
Aim: a seven-headed hydra (moderately wounded, covered in acid)
The mass of ice explodes!
The iceblast engulfs Maud.
Maud is almost dead.
The iceblast engulfs the seven-headed hydra.
The seven-headed hydra is moderately wounded.
Evoking this partially-identified wand wasted a few charges.
The seven-headed hydra is no longer covered in acid.
The seven-headed hydra completely misses you.
The seven-headed hydra bites you! x2
* * * LOW HITPOINT WARNING * * *
The seven-headed hydra bites you!
* * * LOW HITPOINT WARNING * * *
The seven-headed hydra misses you. The seven-headed hydra bites you!
You die...

.$.....................P#
.....#.#.#.............##
.......<...............##
..#.........#..........P#
#....8....##..........#
##...##.#....##.#.#.##..#
##...#######...##.+####.##
#...##.#####....#....##..##
.#....##....#@.).......#.#.#
............D..........#..##
8.....8..>..8@....8...#..#.#
...................+.#...###
#.
##...##....##....###......#
.. .....
###.###............P# ..
.##. #...##...#.........# ..
. .##.#....#..........# ..
.. ...8..รท.##.........##


You could see Maud and a seven-headed hydra.

Vanquished Creatures
  2 hydras (Lair:2)
  The ghost of Sagrath01 the Grappler, a novice TrFi of Ru (Lair:1)
  Urug (Lair:2)
  Nergalle (Lair:3)
  2 hill giants (D:10)
  A black mamba (Lair:4)
  5 elephants (Lair:3)
  Joseph (Lair:1)
  5 spiny frogs
  3 komodo dragons
  3 trolls
  A polar bear (Lair:2)
  12 blink frogs
  Sigmund (D:3)
  9 yaks (Lair:1)
  A spriggan (D:8)
  A wyvern (Lair:1)
  A hungry ghost (D:8)
  4 hippogriffs
  8 water moccasins
  14 porcupines
  Purgy (D:2)
  5 sky beasts
  6 orc warriors
  2 ice beasts
  A swamp drake (D:10)
  A phantom (D:7)
  6 ogres
  8 wolves
  A centaur (D:7)
  8 crocodiles
  2 big kobolds
  9 giant frogs
  A scorpion (D:8)
  5 killer bees (D:9)
  A howler monkey (D:9)
  2 crimson imps
  A giant frog zombie (D:5)
  2 centaur skeletons
  4 hounds
  2 jellies (D:8)
  A gnoll shaman (D:9)
  5 orc priests
  15 orc wizards
  9 iguanas
  Natasha (thrice) (D:3)
  7 worker ants
  6 sheep (Lair:2)
  3 hound zombies
  A hound skeleton (D:5)
  Robin (D:3)
  A howler monkey skeleton (D:8)
  12 adders
  5 gnolls (D:9)
  3 shadow imps
  An ooze (D:7)
  2 adder skeletons
  3 worms
  A dart slug (D:1)
  4 giant geckos
  45 orcs
  6 giant cockroaches
  16 goblins
  13 hobgoblins
  13 jackals
  5 quokkas
  2 ball pythons
  11 bats
  3 giant newts
  34 kobolds
  7 rats
383 creatures vanquished.

Vanquished Creatures (others)
  A fulminant prism (Lair:4)
  3 fungi
4 creatures vanquished.

Grand Total: 387 creatures vanquished

Notes
Turn   | Place    | Note
--------------------------------------------------------------
     0 | D:1      | Mesmaeker13 the High Elf Conjurer began the quest for the Orb.
     0 | D:1      | Reached XP level 1. HP: 11/11 MP: 4/4
   464 | D:1      | Reached XP level 2. HP: 17/17 MP: 3/6
   898 | D:1      | Reached skill level 5 in Conjurations
  1027 | D:2      | Found an oddly glowing altar of Pakellas.
  1078 | D:2      | Reached XP level 3. HP: 21/21 MP: 2/7
  1088 | D:2      | Learned a level 2 spell: Searing Ray
  1744 | D:2      | Reached XP level 4. HP: 27/27 MP: 7/9
  1821 | D:2      | Noticed an ogre
  1831 | D:2      | Killed an ogre
  1831 | D:2      | Reached XP level 5. HP: 32/32 MP: 1/11
  2435 | D:2      | Learned a level 3 spell: Dazzling Spray
  2436 | D:3      | Noticed Robin
  2555 | D:3      | Reached skill level 1 in Fighting
  2590 | D:3      | Reached skill level 6 in Conjurations
  2707 | D:3      | Noticed Purgy
  3150 | D:3      | Killed Robin
  3153 | D:3      | Noticed Natasha
  3376 | D:3      | Noticed an ogre
  3562 | D:3      | Killed Natasha
  3562 | D:3      | Reached XP level 6. HP: 24/38 MP: 4/12
  3650 | D:3      | Noticed Natasha
  3654 | D:3      | Killed Natasha
  3826 | D:3      | Noticed Sigmund
  3869 | D:2      | Killed Purgy
  4053 | D:3      | Killed Sigmund
  4053 | D:3      | Reached skill level 5 in Dodging
  4053 | D:3      | Reached XP level 7. HP: 24/43 MP: 2/15
  4191 | D:3      | Reached skill level 5 in Spellcasting
  4201 | D:3      | Learned a level 4 spell: Iskenderun's Mystic Blast
  4207 | D:3      | Learned a level 5 spell: Iskenderun's Battlesphere
  4241 | D:3      | Noticed Natasha
  4244 | D:3      | Killed Natasha
  4406 | D:3      | Found a bloodstained altar of Trog.
  4608 | D:4      | Reached skill level 7 in Conjurations
  4621 | D:4      | Reached skill level 1 in Charms
  5718 | D:5      | Entered Level 5 of the Dungeon
  5728 | D:5      | Found Suskixij's Assorted Antiques.
  5733 | D:5      | Bought a scroll labeled OPECSE NIOFFIS for 34 gold pieces
  5733 | D:5      | Bought a scroll labeled ROEJUREMAJI for 34 gold pieces
  5864 | D:5      | Reached XP level 8. HP: 30/48 MP: 4/16
  6351 | D:5      | Found a glowing golden altar of the Shining One.
  6633 | D:6      | Found a sparkling altar of Nemelex Xobeh.
  6875 | D:6      | Reached skill level 8 in Conjurations
  7171 | D:6      | Found a stormy altar of Qazlal.
  7648 | D:7      | Found Cipamoa's Antique Armour Emporium.
  7648 | D:7      | Found a shattered altar of Ashenzari.
  7814 | D:7      | Found Doisseul's Serpentskin Sales.
  7853 | D:7      | Reached XP level 9. HP: 54/55 MP: 12/19
  7945 | D:7      | Found a staircase to the Ecumenical Temple.
  8031 | Temple   | Entered the Ecumenical Temple
  8376 | D:7      | Identified a +0 rod of ignition (11/11) (You found it on level 6 of the Dungeon)
  8719 | D:8      | Found a radiant altar of Vehumet.
  8728 | D:8      | Found an iron altar of Okawaru.
  8733 | D:8      | Became a worshipper of Vehumet
  8895 | D:8      | Reached skill level 5 in Charms
  8912 | D:8      | Found a white marble altar of Elyvilon.
  8916 | D:8      | Found a deep blue altar of Sif Muna.
  8916 | D:8      | Found a basalt altar of Yredelemnul.
  8929 | D:8      | Found a sacrificial altar of Ru.
  8932 | D:8      | Found an opulent altar of Gozag.
  9675 | D:8      | Reached skill level 9 in Conjurations
  9691 | D:8      | Reached * piety under Vehumet
  9691 | D:8      | Offered knowledge of Flame Tongue by Vehumet.
  9766 | D:8      | Found Xafre's Armour Shop.
 10349 | D:9      | Noticed a troll
 10365 | D:9      | Noticed a troll
 10424 | D:8      | Learned a level 4 spell: Fulminant Prism
 10568 | D:9      | Reached XP level 10. HP: 60/65 MP: 10/22
 10795 | D:9      | Found a shimmering altar of Xom.
 10900 | D:9      | Reached skill level 5 in Fighting
 10965 | D:9      | Offered knowledge of Throw Frost by Vehumet.
 10970 | D:9      | Reached ** piety under Vehumet
 11560 | D:10     | Entered Level 10 of the Dungeon
 11587 | D:10     | Offered knowledge of Ignite Poison by Vehumet.
 11709 | D:10     | Found a staircase to the Lair.
 12146 | D:10     | Found Kohias's Jewellery Shop.
 12338 | D:10     | Noticed a hill giant
 12344 | D:10     | Killed a hill giant
 12344 | D:10     | Reached skill level 10 in Conjurations
 12358 | D:10     | Noticed a hill giant
 12366 | D:10     | Killed a hill giant
 12367 | D:10     | Reached *** piety under Vehumet
 12946 | D:10     | Found a staircase to the Orcish Mines.
 13360 | D:8      | Bought a +2 robe of resistance for 490 gold pieces
 13492 | Lair:1   | Entered Level 1 of the Lair of Beasts
 13492 | Lair:1   | Noticed Sagrath01's ghost (novice TrFi)
 13500 | Lair:1   | Killed Sagrath01's ghost
 13500 | Lair:1   | Reached XP level 11. HP: 53/74 MP: 6/25
 13620 | Lair:1   | Offered knowledge of Throw Icicle by Vehumet.
 13627 | Lair:1   | Learned a level 5 spell: Bolt of Draining
 13644 | Lair:1   | Reached skill level 10 in Dodging
 13975 | Lair:1   | Got a silken robe
 13982 | Lair:1   | Reached skill level 1 in Necromancy
 13994 | Lair:1   | Identified the cursed +1 robe of Pessimism {rC+ rCorr Dex-2} (You found it on level 1 of the Lair of Beasts)
 14047 | Lair:1   | Noticed Joseph
 14055 | Lair:1   | Killed Joseph
 14492 | Lair:1   | Reached skill level 11 in Conjurations
 15154 | Lair:2   | Reached **** piety under Vehumet
 15235 | Lair:2   | Noticed a seven-headed hydra
 15242 | Lair:2   | Killed a seven-headed hydra
 15242 | Lair:2   | Reached skill level 10 in Spellcasting
 15242 | Lair:2   | Reached skill level 1 in Hexes
 15249 | Lair:2   | Offered knowledge of Fireball by Vehumet.
 15471 | Lair:2   | Noticed Urug
 15472 | Lair:2   | Noticed a five-headed hydra
 15486 | Lair:2   | Killed Urug
 15543 | Lair:2   | Killed a five-headed hydra
 15753 | Lair:2   | Reached XP level 12. HP: 82/82 MP: 17/27
 16369 | Lair:3   | Learned a level 5 spell: Fireball
 16398 | Lair:3   | Noticed Nergalle
 17297 | Lair:3   | Reached skill level 1 in Fire Magic
 17312 | Lair:3   | Reached ***** piety under Vehumet
 17781 | Lair:3   | Killed Nergalle
 17781 | Lair:3   | Offered knowledge of Sticky Flame by Vehumet.
 17793 | Lair:3   | Got a warped scimitar
 17961 | Lair:3   | Reached skill level 12 in Conjurations
 18139 | Lair:3   | Identified the +8 scimitar of Devotion {drain, rC++ MR+ Dex-4} (You found it on level 3 of the Lair of Beasts)
 18451 | Lair:4   | Reached skill level 1 in Long Blades
 18628 | Lair:4   | Noticed Maud
 18794 | Lair:4   | Noticed a seven-headed hydra
 18812 | Lair:4   | Mangled by a seven-headed hydra

Skill      XL: |  1  2  3  4  5  6  7  8  9 10 11 12 |
---------------+-------------------------------------+-----
Conjurations   | 5 6 7 8 9 10 11 12 | 12.2
Spellcasting   | 3 4 5 6 7 9 10 11 | 11.1
Dodging        | 3 4 5 6 7 8 9 10 11 | 11.2
Fighting       | 1 2 4 6 7 8 |  8.1
Charms         | 2 4 6 |  6.9
Necromancy     | 3 |  3.1
Hexes          | 2 3 |  3.5
Fire Magic     | 3 |  3.3
Long Blades    | 1 |  1.9
Stealth        | |  2.1

Action                   |  1- 3 |  4- 6 |  7- 9 | 10-12 || total
-------------------------+-------+-------+-------+-------++-------
Melee: Dagger            |     1 |       |       |       ||     1
       Short sword       |    46 |    44 |    20 |       ||   110
       Scythe            |       |       |   147 |   158 ||   305
       Scimitar          |       |       |       |    36 ||    36
 Cast: Magic Dart        |    42 |    62 |    73 |   262 ||   439
       Searing Ray       |     2 |    19 |    48 |    10 ||    79
       Dazzling Spray    |       |     2 |    11 |    42 ||    55
       Iskenderun's Myst |       |       |     9 |    11 ||    20
       Iskenderun's Batt |       |       |     2 |    58 ||    60
       Bolt of Draining  |       |       |       |    23 ||    23
       Fireball          |       |       |       |     1 ||     1
       Fulminant Prism   |       |       |       |     1 ||     1
Evoke: Wand              |       |       |     1 |     6 ||     7
  Use: Scroll            |       |     2 |     5 |    11 ||    18
       Potion            |       |     2 |     2 |     6 ||    10
 Stab: Sleeping          |       |       |     4 |     3 ||     7
       Distracted        |       |       |     1 |       ||     1
       Invisible         |       |       |       |     3 ||     3
  Eat: Fruit             |     2 |       |       |     2 ||     4
       Chunk             |     4 |     8 |    20 |    47 ||    79
       Pizza             |     1 |       |     1 |       ||     2
       Meat ration       |       |       |     1 |       ||     1
Armor: Robe              |     7 |    25 |   102 |    90 ||   224
Dodge: Dodged            |    34 |    75 |   291 |   406 ||   806
